 Dungeon Crawl Stone Soup version 0.17.0-24-gcfadda4 (webtiles) character file.

1843 Raultor the Insei (level 9, -7/63 HPs)
             Began as an Octopode Monk on Nov 17, 2015.
             Was an Elder of Makhleb.
             Mangled by an orc warrior
             ... wielding a +0 war axe
              (20 damage)
             ... on level 6 of the Dungeon.
             The game lasted 00:13:26 (5524 turns).

Raultor the Insei (Octopode Monk)                   Turns: 5524, Time: 00:13:26

Health: -7/63      AC:  1    Str: 11    XL:     9   Next: 12%
Magic:  12/12      EV: 17    Int: 10    God:    Makhleb [****..]
Gold:   283        SH:  0    Dex: 17    Spells: 0 memorised, 8 levels left

rFire  . . .     SeeInvis .       - Unarmed
rCold  . . .     Clarity  .     (no shield)
rNeg   . . .     SustAt   .     (helmet restricted)
rPois  .         Gourm    .     (no amulet)
rElec  .         Spirit   .     j - -2 ring of intelligence (curse)
rCorr  .         Warding  .     (no ring)
rMut   .         Stasis   .     (no ring)
MR     .....                    (no ring)
Stlth  +++.......               (no ring)
                                (no ring)
                                (no ring)
                                (no ring)

@: lethally poisoned (-7 -> -12), not resistant to hostile enchantments, fairly
stealthy
A: almost no armour, amphibious, 8 rings, constrict 8, camouflage 1, gelatinous
body 1
a: Minor Destruction, Lesser Servant of Makhleb, Major Destruction, Renounce
Religion


You were on level 6 of the Dungeon.
You worshipped Makhleb.
Makhleb was greatly pleased with you.
You were not hungry.

You visited 2 branches of the dungeon, and saw 8 of its levels.

You collected 283 gold pieces.

Inventory:

Jewellery
 j - a cursed -2 ring of intelligence (left tentacle)
Scrolls
 c - a scroll of fog {unknown}
 d - 6 scrolls of teleportation {unknown}
 e - 7 scrolls of identify {unknown}
 f - 3 scrolls of random uselessness {unknown}
 h - a scroll of fear {unknown}
 l - a scroll of magic mapping {unknown}
 o - a scroll of noise {unknown}
 r - a scroll of enchant armour {unknown}
 t - 2 scrolls of remove curse {unknown}
 v - a scroll of recharging {unknown}
Potions
 b - 3 potions of lignification
 i - a potion of cancellation {unknown}
 k - a potion of poison
 n - 4 potions of curing {unknown}
 p - a potion of haste {unknown}
Comestibles
 a - 5 bread rations
 g - 3 fruits
 m - a beef jerky
 q - 2 slices of pizza
 s - a meat ration
 u - 4 chunks of flesh


   Skills:
 + Level 6.5 Fighting
 + Level 6.7 Dodging
 - Level 2.6 Stealth
 + Level 7.8 Unarmed Combat
 * Level 4.4 Invocations


You had 8 spell levels left.
You didn't know any spells.

Dungeon Overview and Level Annotations

Branches:
Dungeon (7/15)             Temple (1/1) D:5

Altars:
Ashenzari
Cheibriados
Dithmenos
Elyvilon
Fedhas
Gozag
Kikubaaqudgha
Makhleb
Nemelex Xobeh
Okawaru
Qazlal
Ru
Sif Muna
Trog
Vehumet
Xom
Yredelemnul
Zin
The Shining One
Jiyva


Innate Abilities, Weirdness & Mutations

You cannot wear most types of armour.
You are amphibious.
You can wear up to eight rings at the same time.
You can use your tentacles to constrict eight enemies at once.
Your skin changes colour to match your surroundings (Stealth).
Your rubbery body absorbs attacks (AC +1).


Message History

You constrict the orc warrior.
An orc comes into view.
You release your grip on the orc warrior.
The orc barely misses you.
There is a stone staircase leading up, spattered with blood here.
The orc warrior hits you with a war axe!
The orc closely misses you.
The orc hits you with a flail of crushing!
You climb upwards.
There is a stone staircase leading down here.
You tentacle-slap the orc. Your grab misses the orc.
The orc is severely wounded.
The orc warrior hits you with a war axe!
* * * LOW HITPOINT WARNING * * *
Drink which item? (? for menu, Esc to quit)
It was a potion of poison.
That liquid tasted very nasty...
You are poisoned.
You feel sick. The orc closely misses you.
The orc warrior hits you with a war axe!!
You die...

#........#######
###.######........
#...# ######..) #.###
###.#. #.# #..... #.#
######.#.#. #o#
#......#... #o#
#......#..< #@#
#......#... #o#
#......#.#. ###.####
#......#.#. #....>.#
#......#.#.
#.#.##.###......#...
#...##......#######.
###.#.##.####.# #.
#........####.### #.
#.#..##..##.....######


You could see an orc warrior and 2 orcs.

Vanquished Creatures
  A water moccasin (D:7)
  Duvessa (D:5)
  An ice beast (D:5)
  A phantom (D:3)
  An ogre (D:6)
  2 orc warriors (D:6)
  3 centaurs
  3 giant frogs (D:6)
  Dowan (D:5)
  2 crimson imps (D:5)
  A hound (D:4)
  A centaur zombie (D:6)
  Crazy Yiuf (D:4)
  4 orc priests
  Ijyb (D:2)
  4 jellies
  An orc wizard (D:4)
  An iguana (D:6)
  A worker ant (D:6)
  A hound skeleton (D:4)
  7 adders
  2 oozes (D:6)
  A worm (D:3)
  6 giant geckos
  16 orcs
  A ball python (D:3)
  A bat zombie (D:4)
  4 giant cockroaches
  4 hobgoblins
  17 jackals
  2 quokkas
  12 bats
  6 giant newts
  3 goblins
  4 kobolds
  7 rats
  4 rat zombies (D:4)
  A butterfly (D:5)
  2 fungi (D:4)
132 creatures vanquished.

Notes
Turn   | Place    | Note
--------------------------------------------------------------
     0 | D:1      | Raultor the Octopode Monk began the quest for the Orb.
     0 | D:1      | Reached XP level 1. HP: 16/16 MP: 1/1
    58 | D:1      | Reached XP level 2. HP: 15/21 MP: 2/2
   384 | D:1      | Reached XP level 3. HP: 19/26 MP: 3/3
   545 | D:2      | Found a faded altar to an unknown god.
   580 | D:2      | Noticed Ijyb
   590 | D:2      | Killed Ijyb
   590 | D:2      | Reached XP level 4. HP: 27/31 MP: 4/4
   778 | D:2      | Found a glowing silver altar of Zin.
   931 | D:2      | Found a sparkling altar of Nemelex Xobeh.
   931 | D:2      | Found a deep blue altar of Sif Muna.
  1386 | D:3      | Reached skill level 5 in Unarmed Combat
  1386 | D:3      | Reached XP level 5. HP: 32/37 MP: 5/5
  1487 | D:3      | Found a burning altar of Makhleb.
  1489 | D:3      | Noticed a cacodemon
  1493 | D:3      | Noticed a hellwing
  1493 | D:3      | Noticed a ynoxinul
  1495 | D:3      | Became a worshipper of Makhleb the Destroyer
  1495 | D:3      | Reached * piety under Makhleb
  1495 | D:3      | Reached ** piety under Makhleb
  1702 | D:4      | Found a blossoming altar of Fedhas.
  1702 | D:4      | Noticed a phantom
  1746 | D:4      | Found a sacrificial altar of Ru.
  1748 | D:4      | Found a shadowy altar of Dithmenos.
  1786 | D:4      | Reached XP level 6. HP: 38/43 MP: 6/6
  1873 | D:4      | Found a basalt altar of Yredelemnul.
  1875 | D:4      | Found a white marble altar of Elyvilon.
  1968 | D:3      | Killed a phantom
  2343 | D:4      | Found an ancient bone altar of Kikubaaqudgha.
  2450 | D:4      | Noticed Crazy Yiuf
  2454 | D:4      | Killed Crazy Yiuf
  2454 | D:4      | Reached skill level 5 in Dodging
  2499 | D:5      | Entered Level 5 of the Dungeon
  2501 | D:5      | Reached XP level 7. HP: 36/49 MP: 7/7
  2523 | D:5      | Found an opulent altar of Gozag.
  2841 | D:5      | Found a staircase to the Ecumenical Temple.
  2848 | D:5      | Reached skill level 6 in Unarmed Combat
  2848 | D:5      | Reached skill level 1 in Invocations
  2859 | Temple   | Entered the Ecumenical Temple
  2878 | D:5      | Noticed Duvessa
  3024 | D:5      | Killed Duvessa
  3042 | D:5      | Noticed Dowan
  3387 | D:5      | Reached skill level 5 in Fighting
  3530 | D:5      | Killed Dowan
  3592 | D:5      | Reached XP level 8. HP: 36/55 MP: 9/9
  3597 | D:5      | Reached *** piety under Makhleb
  4390 | D:6      | Found a viscous altar of Jiyva.
  4414 | D:6      | Reached skill level 7 in Unarmed Combat
  5296 | D:6      | Reached **** piety under Makhleb
  5326 | D:6      | Reached XP level 9. HP: 40/63 MP: 12/12
  5524 | D:6      | Mangled by an orc warrior

Action                   |  1- 3 |  4- 6 |  7- 9 || total
-------------------------+-------+-------+-------++-------
Melee: Unarmed           |    58 |   133 |   190 ||   381
  Use: Potion            |       |       |     2 ||     2
 Stab: Sleeping          |     2 |    15 |     7 ||    24
  Eat: Chunk             |       |     5 |    10 ||    15
